 Dungeon Crawl Stone Soup version 0.31-a0-1-g4198be8af4 (webtiles) character file.

Game seed: 8752304236310464898

16032 pvanmetre the Grappler (level 12, -8/105 (117) HPs)
             Began as a Troll Transmuter on May 1, 2023.
             Was a High Priest of Makhleb.
             Killed from afar by a manticore (11 damage)
             ... with a volley of spikes
             ... on level 1 of the Shoals.
             The game lasted 01:27:28 (8240 turns).

pvanmetre the Grappler (Troll Transmuter)           Turns: 8240, Time: 01:27:29

HP:   -8/105 (117)  AC:  9    Str: 28 (29) XL:     12   Next: 6%
MP:   25/25         EV: 14    Int: 11      God:    Makhleb [*****.]
Gold: 425           SH:  5    Dex: 15      Spells: 9/18 levels left

rFire   . .          .
                       - Unarmed
rCold   . . .        (no shield)
rNeg    . . .        E - +0 steam dragon scales
rPois   .            (helmet restricted)
rElec   .            F - +1 cloak
rCorr   .            (gloves unavailable)
SInv    .            (boots unavailable)
Will    .....        C - amulet of reflection
Stlth   ++           i - ring of magical power
HPRegen 1.17/turn    D - ring "Uskis" {Str+6 Dex+5}
MPRegen 0.19/turn

%: reflection
@: spiked, studying Dodging, heavily drained
A: large, unfitting armour, claws 3, regeneration 1, shaggy fur 1, tough skin 1,
deterioration 1, robust 1
a: Renounce Religion, Minor Destruction, Lesser Servant of Makhleb, Major
Destruction, Greater Servant of Makhleb


You were on level 1 of the Shoals.
You worshipped Makhleb.
Makhleb was extremely pleased with you.
You visited 3 branches of the dungeon, and saw 13 of its levels.
You also visited: Sewer.

You collected 665 gold pieces.
You spent 240 gold pieces at shops.

Inventory:

Hand Weapons
 j - a +3 short sword
 w - a +2 heavy morningstar
 y - a +3 whip of pain
Armour
 E - +0 steam dragon scales (worn)
 F - a +1 cloak (worn)
 J - the +0 robe of Macow {-Cast Str+6 SInv}
   (You found it on level 10 of the Dungeon)

   Str:       It affects your strength (+6).
   SInv:      It lets you see invisible.
   -Cast:     It prevents spellcasting.
 M - a scarf of repulsion
Magical Staves
 K - a staff of conjuration
Jewellery
 d - a ring of protection from cold
 i - a ring of magical power (left claw)
 l - a ring of protection from fire
 A - a ring of poison resistance
 C - an amulet of reflection (around neck)
 D - the ring "Uskis" (right claw) {Str+6 Dex+5}
   (You found it on level 7 of the Dungeon)

   [ring of strength]

   Str:       It affects your strength (+6).
   Dex:       It affects your dexterity (+5).
 G - a ring of positive energy
 H - an amulet of reflection
Wands
 h - a wand of roots (23)
 q - a wand of digging (3)
Scrolls
 g - 2 scrolls of magic mapping
 m - 7 scrolls of teleportation
 n - 2 scrolls of blinking
 s - 2 scrolls of immolation
 I - 4 scrolls of identify
 L - a scroll of fog
Potions
 a - a potion of cancellation
 b - 2 potions of lignification
 c - a potion of flight
 e - a potion of ambrosia
 f - a potion of berserk rage
 o - a potion of might
 u - 4 potions of curing
 v - a potion of brilliance
 x - 2 potions of magic


   Skills:
 + Level 4.2 Fighting
 + Level 9.1 Dodging
 + Level 2.9 Stealth
 + Level 3.1 Shields
 + Level 13.7 Unarmed Combat
 + Level 3.8 Spellcasting
 + Level 4.7 Transmutations
 + Level 3.3 Invocations


You had 9 spell levels left.
You knew the following spells:

 Your Spells              Type           Power      Damage    Failure   Level
a - Beastly Appendage     Tmut           24%        N/A       3%          1
b - Spider Form           Tmut/Pois      7%         N/A       28%         3
c - Wereblood             Tmut           12%        N/A       5%          2
d - Foxfire               Conj/Fire      8%         2x1d4     24%         1
e - Sandblast             Erth           4%         2d4       24%         1
f - Necrotise             Necr           8%         1d4       24%         1

Your spell library contained the following spells:

 Spells                   Type           Power      Damage    Failure   Level
 Passwall                 Tmut/Erth      5%         N/A       14%         2
 Apportation              Tloc           4%         N/A       24%         1
 Summon Small Mammal      Summ           8%         N/A       24%         1
 Gell's Gravitas          Tloc           2%         N/A       58%         3
 Stone Arrow              Conj/Erth      4%         3d7       58%         3
 Teleport Other           Tloc           2%         N/A       58%         3
 Ice Form                 Ice/Tmut       7%         N/A       67%         4
 Petrify                  Tmut/Erth      7%         N/A       67%         4
 Animate Armour           Summ/Erth      4%         N/A       94%         4
 Fireball                 Conj/Fire      1%         3d3       100%        5
 Dispersal                Tloc           1%         N/A       100%        6
 Iron Shot                Conj/Erth      1%         9d1       100%        6
 Plasma Beam              Fire/Air       1%         2x1d12    100%        6
 Starburst                Conj/Fire      1%         6d3       100%        6


Dungeon Overview and Level Annotations

Branches:
Dungeon (10/15)            Temple (0/1) D:5            Lair (2/5) D:10
 Shoals (1/4) Lair:2       Spider (0/4) Lair:2        Sewer (visited)
    Orc: D:9-12

Altars:
Elyvilon
Makhleb
Okawaru
Trog
Uskayaw
Yredelemnul
Zin

Shops:
D:7 (   D:8 *


Innate Abilities, Weirdness & Mutations

You are too large for most types of armour.
You have claws for hands.
Your natural rate of healing is unusually fast.
You are covered in fur. (AC +1)
You have tough skin. (AC +1)
Your body sometimes deteriorates upon taking damage.
You are robust. (+10% HP)


Message History

You gasp with relief as air once again reaches your lungs.
The centaur shouts!
You hear a shout!
The yaktaur shoots a bolt.
The bolt hits you!!
You feel drained.
* * * LOW HITPOINT WARNING * * *
You feel much better. The water elemental hits you!
The water elemental engulfs you in water!
The centaur warrior shoots an arrow.
You block the arrow with an invisible shield... and reflect it back!
The arrow hits the water elemental!
You claw the water elemental!
You destroy the water elemental!
Makhleb accepts your kill.
You feel better. The water engulfing you falls away.
You gasp with relief as air once again reaches your lungs.
The centaur wields a +0 shortbow.
The centaur shoots an arrow.
The arrow completely misses you.
The yaktaur shoots a bolt.
The bolt hits you!
* * * LOW HITPOINT WARNING * * *
You feel drained.
* * * LOW HITPOINT WARNING * * *
The centaur wields a +0 shortbow.
The centaur shoots an arrow.
The arrow closely misses you.
The centaur warrior shoots an arrow.
The arrow hits you!
* * * LOW HITPOINT WARNING * * *
The centaur shoots an arrow.
You block the arrow with an invisible shield... and reflect it back!
The arrow hits the centaur!!
You feel better.
The centaur wields a +0 shortbow.
The centaur shoots an arrow.
The arrow completely misses you.
The centaur warrior shoots an arrow.
You block the arrow with an invisible shield... and reflect it back!
The arrow hits the centaur warrior!!
The centaur shoots an arrow.
The arrow hits you.
* * * LOW HITPOINT WARNING * * *
The centaur shoots an arrow.
The arrow hits you.
* * * LOW HITPOINT WARNING * * *
The centaur shoots an arrow.
The arrow hits you!
* * * LOW HITPOINT WARNING * * *
The manticore flicks its tail.
The volley of spikes hits you!
The barbed spikes become lodged in your body.
You die...

~~~≈≈≈≈....# .c≈
~~~~≈≈≈≈≈...#+#..≈
~~~~≈≈≈≈≈cc......≈
~~~$≈≈≈≈≈≈ccc...≈≈
....≈≈≈≈≈≈≈≈c!≈≈≈≈
[....≈≈≈≈≈≈≈≈≈≈≈≈≈
.......~≈≈≈≈≈≈≈≈≈≈
.......~~~<≈≈≈≈≈≈≈
.......@~~~~~.≈≈≈≈
.......~~H~~~~.~m.
........~~~~~~~~..
..........~~~~~~~~
..........~~~~~~~~
~~........~~~~~~~~
~...~~....~~~~~~~~
..~~~~~...~~~~~


You could see a centaur warrior, a manticore, a yaktaur and 4 centaurs.

Vanquished Creatures
  9 elephants
  A merfolk siren (Lair:2)
  4 cane toads
  A rime drake (Lair:2)
  5 komodo dragons
  A hornet (D:7)
  5 blink frogs (Lair:2)
  Sigmund (D:2)
  3 wyverns
  12 yaks
  A water elemental (Shoals:1)
  5 steam dragons
  2 wargs (Lair:1)
  2 acid dragons
  5 water moccasins
  An ice beast (D:7)
  Pargi (Sewer)
  2 orc warriors (D:10)
  A black bear (D:4)
  A sky beast (D:6)
  An ogre (D:5)
  6 centaurs
  18 wolves
  3 kobold brigands
  6 bullfrogs
  A gnoll sergeant (D:9)
  8 scorpions
  8 hounds
  6 orc priests
  3 jellies
  Jessica (D:2)
  Natasha (twice) (D:4)
  4 iguanas
  13 gnolls
  6 adders
  A river rat (D:4)
  An ufetubus (D:5)
  3 worms
  5 dart slugs
  27 orcs
  3 endoplasms
  8 giant cockroaches
  8 goblins
  11 hobgoblins
  21 kobolds
  3 quokkas
  5 ball pythons
  4 bats
  6 frilled lizards
  5 rats
260 creatures vanquished.

Vanquished Creatures (others)
  6 fungi
  20 plants
26 creatures vanquished.

Grand Total: 286 creatures vanquished

Notes
Turn   | Place    | Note
-------+----------+-------------------------------------------
     0 | D:1      | pvanmetre the Troll Transmuter began the quest for the Orb.
     0 | D:1      | Reached XP level 1. HP: 18/18 MP: 1/1
   486 | D:1      | Reached XP level 2. HP: 26/26 MP: 2/2
   717 | D:2      | Found a faded altar of an unknown god.
   723 | D:2      | Prayed at the altar of an unknown god.
   723 | D:2      | Became a worshipper of Makhleb the Destroyer
   723 | D:2      | Reached * piety under Makhleb
   906 | D:2      | Noticed Sigmund
   921 | D:2      | Killed Sigmund
   922 | D:2      | Reached skill level 4 in Unarmed Combat
   922 | D:2      | Reached XP level 3. HP: 32/32 MP: 2/4
   922 | D:2      | Reached XP level 4. HP: 40/40 MP: 2/5
   922 | D:2      | Reached XP level 5. HP: 46/46 MP: 2/6
   981 | D:2      | Learned a level 3 spell: Spider Form
  1008 | D:2      | Reached skill level 5 in Unarmed Combat
  1201 | D:2      | Noticed Jessica
  1211 | D:2      | Killed Jessica
  1526 | D:3      | Reached ** piety under Makhleb
  1734 | D:3      | Reached XP level 6. HP: 53/54 MP: 7/7
  1787 | D:3      | Reached skill level 1 in Fighting
  1794 | D:3      | Reached skill level 6 in Unarmed Combat
  2123 | D:4      | Noticed Natasha
  2133 | D:4      | Killed Natasha
  2180 | D:4      | Reached XP level 7. HP: 51/62 MP: 7/9
  2370 | D:4      | Reached skill level 1 in Stealth
  2559 | D:4      | Noticed Natasha
  2565 | D:4      | Learned a level 2 spell: Wereblood
  2567 | D:4      | Killed Natasha
  2609 | D:4      | Reached *** piety under Makhleb
  2622 | D:4      | Found a glowing drain.
  2647 | Sewer    | Entered a sewer
  2682 | Sewer    | Noticed Pargi
  2694 | Sewer    | Killed Pargi
  2855 | D:4      | Learned a level 1 spell: Foxfire
  2876 | D:4      | Reached skill level 7 in Unarmed Combat
  3006 | D:5      | Entered Level 5 of the Dungeon
  3011 | D:5      | Got the Notes on the Crater
  3172 | D:5      | Found a staircase to the Ecumenical Temple.
  3386 | D:5      | Found a white marble altar of Elyvilon.
  3530 | D:5      | Reached XP level 8. HP: 72/72 MP: 10/10
  3906 | D:6      | Gained mutation: You occasionally lose the ability to drink
                  | potions when taking damage. [potion of mutation]
  3906 | D:6      | Gained mutation: You are covered in thick fur. (AC +2)
                  | [potion of mutation]
  3942 | D:6      | Found a basalt altar of Yredelemnul.
  4148 | D:6      | Found a glowing silver altar of Zin.
  4166 | D:6      | Reached skill level 8 in Unarmed Combat
  4166 | D:6      | Reached skill level 1 in Invocations
  4562 | D:7      | Noticed a hornet
  4571 | D:7      | Killed a hornet
  4804 | D:7      | Identified the ring "Uskis" {Str+6 Dex+5}
  4848 | D:7      | Reached XP level 9. HP: 80/80 MP: 11/11
  4925 | D:7      | Found an iron altar of Okawaru.
  4926 | D:7      | Found a bloodstained altar of Trog.
  4967 | D:7      | Found Diary's Weapon Emporium.
  5304 | D:8      | Reached skill level 9 in Unarmed Combat
  5304 | D:8      | Found Giatopuw's General Store.
  5315 | D:8      | Bought a ring of magical power for 240 gold pieces
  5330 | D:8      | Learned a level 1 spell: Sandblast
  5332 | D:8      | Learned a level 1 spell: Necrotise
  5365 | D:8      | Reached **** piety under Makhleb
  5366 | D:8      | Reached skill level 5 in Dodging
  6392 | D:10     | Entered Level 10 of the Dungeon
  6449 | D:10     | Found a hide-covered altar of Uskayaw.
  6472 | D:10     | Reached skill level 10 in Unarmed Combat
  6478 | D:10     | Reached XP level 10. HP: 79/88 MP: 13/13
  6705 | D:10     | Identified the +0 robe of Macow {-Cast Str+6 SInv}
  6760 | D:10     | Found a staircase to the Lair.
  6803 | Lair:1   | Entered Level 1 of the Lair of Beasts
  6852 | Lair:1   | Noticed a cane toad
  6860 | Lair:1   | Killed a cane toad
  6867 | Lair:1   | Reached skill level 11 in Unarmed Combat
  6943 | Lair:1   | Noticed a cane toad
  6951 | Lair:1   | Killed a cane toad
  6952 | Lair:1   | Reached skill level 1 in Shields
  6954 | Lair:1   | Reached ***** piety under Makhleb
  7081 | Lair:1   | Reached XP level 11. HP: 98/98 MP: 15/15
  7340 | Lair:1   | Reached skill level 12 in Unarmed Combat
  7562 | Lair:2   | Found a hole to the Spider Nest.
  7691 | Lair:2   | Lost mutation: You occasionally lose the ability to drink
                  | potions when taking damage. [potion of mutation]
  7691 | Lair:2   | Lost mutation: You are covered in thick fur. (AC +2)
                  | [potion of mutation]
  7691 | Lair:2   | Gained mutation: You are robust. (+10% HP) [potion of
                  | mutation]
  7691 | Lair:2   | Gained mutation: Your body sometimes deteriorates upon
                  | taking damage. [potion of mutation]
  7864 | Lair:2   | Reached skill level 13 in Unarmed Combat
  8048 | Lair:2   | Reached XP level 12. HP: 117/117 MP: 16/16
  8203 | Lair:2   | Found a staircase to the Shoals.
  8230 | Shoals:1 | Entered Level 1 of the Shoals
  8230 | Shoals:1 | Noticed a centaur warrior
  8240 | Shoals:1 | HP: 3/105 [centaur/arrow (12)]
  8240 | Shoals:1 | Killed from afar by a manticore

Illustrated notes

Levels and vault maps discovered:
D:1:      ncdulo_lavacross, layout_basic
D:2:      layout_loops_ring, chequers_ecumenical_altar_simple,
          chequers_serial_rivers_micro_b, uniq_sigmund, uniq_jessica
D:3:      layout_loops_ring
D:4:      layout_basic, portal_sewer_entry_e, uniq_natasha
D:5:      minmay_general_purpose_star, layout_basic,
          nicolae_elyvilon_temple_path, minmay_temple_entry_proselytizer
D:6:      layout_cave_pools, lemuel_crystal_altar, zin_academy
D:7:      layout_basic, grunt_temple_overflow_bloody_war, serial_shops, shop,
          minmay_manual_mares
D:8:      layout_basic, serial_shops, shop, dreamdust_wishing_well
D:9:      layout_irregular_city
D:10:     layout_loops_ring, nicolae_overflow_crystal_walls, dpeg_oklobed_lair,
          gammafunk_ghost_berserking_beasts, nicolae_benzene_ring, minivault_27,
          statue_in_the_mist_lemuel
Lair:1:   beast_lair_carwin_large_4, layout_cave_shapes
Lair:2:   layout_long_grid, elwin_shoals_entry_rooms,
          nicolae_spider_entry_non_spiders, grunt_megastairs_4
Shoals:1: layout_shoals, centaur_isle, uniq_jorgrun

Skill      XL: |  1  2  3  4  5  6  7  8  9 10 11 |
---------------+----------------------------------+-----
Dodging        | 2 3 4 5 7 9 |  9.1
Unarmed Combat | 4 5 6 7 8 10 11 13 | 13.7
Transmutations | 2 3 4 |  4.7
Fighting       | 1 2 3 4 |  4.2
Spellcasting   | 2 3 |  3.8
Stealth        | 1 2 |  2.9
Invocations    | 2 3 |  3.3
Shields        | 1 3 |  3.1

Action                     |  1- 3 |  4- 6 |  7- 9 | 10-12 || total
---------------------------+-------+-------+-------+-------++-------
  Melee: Unarmed           |    38 |   133 |   299 |   374 ||   844
         Punch             |     1 |     1 |    14 |    48 ||    64
         Kick              |     3 |     4 |    17 |    36 ||    60
         Headbutt          |     1 |     2 |    10 |    30 ||    43
   Cast: Beastly Appendage |     3 |     3 |    11 |     9 ||    26
         Wereblood         |       |       |     9 |    11 ||    20
 Invoke: Minor Destruction |       |       |    13 |     2 ||    15
    Use: Scroll            |     7 |     3 |     7 |     3 ||    20
         Potion            |     3 |     3 |     4 |     3 ||    13
   Stab: Sleeping          |       |       |     5 |     2 ||     7
         Distracted        |       |       |       |     1 ||     1
 Armour: Robe              |    11 |    32 |    88 |       ||   131
         Skin              |       |       |    12 |       ||    12
         Steam dragon scal |       |       |    32 |   105 ||   137
  Dodge: Dodged            |    11 |    77 |   175 |   177 ||   440
  Block: Other             |       |       |    13 |    76 ||    89
         Reflection        |       |       |     1 |     4 ||     5

Table legend: (Time is in decaauts)
 A = Elapsed time spent in this place.
 B = Non-inter-level travel time spent in this place.
 C = Inter-level travel time spent in this place.
 D = Time resting spent in this place.
 E = Time spent auto-exploring this place.
 F = Levels seen in this place.
 G = Mean time per level.
                   A        B        C        D        E       F      G
               +--------+--------+--------+--------+--------+-----+--------+
         Total |   8103 |   8100 |      3 |      0 |      0 |  14 |  578.8 |
       Dungeon |   6559 |   6559 |      0 |      0 |      0 |  10 |  655.9 |
          Lair |   1363 |   1360 |      3 |      0 |      0 |   2 |  681.5 |
        Shoals |      8 |      8 |      0 |      0 |      0 |   1 |    8.0 |
         Sewer |    172 |    172 |      0 |      0 |      0 |   1 |  172.0 |
               +--------+--------+--------+--------+--------+-----+--------+

Top non-repeatable levels by time:
     D:5: 914 daAuts
     D:4: 870 daAuts
     D:1: 715 daAuts
     D:2: 714 daAuts
  Lair:2: 700 daAuts
     D:7: 675 daAuts
  Lair:1: 663 daAuts
     D:3: 644 daAuts
     D:9: 588 daAuts
     D:8: 563 daAuts
     D:6: 479 daAuts
    D:10: 391 daAuts
   Sewer: 172 daAuts
Shoals:1: 8 daAuts
